AoeStats
← AxingQuestions

Arena

505563162Analyzed
4v4 RM · 22d ago on Sep 10, 2026· 37m 31s· 8 players
Game mode
Random Map
Map size
Large (8 player)
Population
200
Speed
Normal
Resources
Standard
Victory
Conquest
Starting age
Dark Age
Ending age
Imperial Age
RankedLock teamsTeams togetherTeam positionsShared explorationLock speedFull tech treeHidden civsTurbo modeCheats
Victory
Defeat
🇧🇷 Armenians · Brazil
1203
+17
🇧🇷 Cumans · Brazil
1189
+17
🇧🇷 Cumans · Brazil
1128
+20
🇧🇷 Bulgarians · Brazil
1032
+23
🇺🇸 Britons · United States
1251
-21
🇧🇷 Persians · Brazil
1237
-20
🇦🇷 Khmer · Argentina
1186
-18
🇺🇸 Malians · United States
1175
-18
xvadash
10:19 Feudal Age
10:02 Loom
14:30 Castle Age
12:42 Double-Bit Axe
13:38 Horse Collar
Fs.hiGhly_
10:43 Feudal Age
14:24 Castle Age
12:24 Double-Bit Axe
12:22 Horse Collar
20:03 Forging
24:59 Scale Barding Armor
31:07 Bow Saw
AxingQuestions
10:49 Feudal Age
12:03 Loom
14:54 Castle Age
12:55 Horse Collar
13:09 Double-Bit Axe
14:17 Gold Mining
23:37 Bow Saw
23:31 Heavy Plow
25:49 Wheelbarrow
27:44 Hand Cart
27:29 Town Watch
30:18 Gold Shaft Mining
29:40 Stone Mining
31:50 Yeomen
34:32 Imperial Age
32:54 Fletching
33:05 Padded Archer Armor
33:55 Bodkin Arrow
34:39 Ballistics
34:00 Treadmill Crane
34:15 Murder Holes
35:18 Leather Archer Armor
35:37 Conscription
36:09 Town Patrol
35:56 Elite Longbowman
37:12 Fortified Wall
38:04 Chemistry
37:56 Masonry
Alarich1000
11:20 Feudal Age
14:53 Castle Age
13:02 Loom
13:03 Horse Collar
13:09 Double-Bit Axe
26:33 Bow Saw
35:16 Imperial Age
33:33 Heavy Plow
34:31 Wheelbarrow
34:14 Fortified Wall
36:23 Conscription
36:55 Hand Cart
37:06 Town Watch
RANDALZIN
4:25 Loom
9:05 Feudal Age
23:18 Castle Age
22:05 Horse Collar
22:46 Bloodlines
22:50 Forging
23:01 Double-Bit Axe
23:46 Town Watch
25:36 Scale Barding Armor
27:48 Capped Ram
29:17 Wheelbarrow
31:11 Bow Saw
34:53 Imperial Age
32:40 Hand Cart
33:41 Steppe Husbandry
35:03 Elite Steppe Lancer
38:17 Chain Barding Armor
38:33 Iron Casting
darkdudu
9:22 Feudal Age
9:33 Man-at-Arms
10:26 Double-Bit Axe
10:19 Long Swordsman
16:21 Horse Collar
17:12 Scale Mail Armor
18:36 Forging
21:00 Pikeman
24:12 Castle Age
23:15 Double-Bit Axe
24:26 Halberdier
25:07 Squires
26:27 Chain Mail Armor
29:43 Bow Saw
30:41 Iron Casting
31:37 Wheelbarrow
31:14 Arson
32:59 Heavy Plow
38:17 Hand Cart
FormigaMalukao
9:42 Feudal Age
10:12 Double-Bit Axe
14:12 Horse Collar
17:55 Wheelbarrow
21:34 Castle Age
20:11 Stone Mining
22:23 Gold Mining
27:25 Bloodlines
27:39 Scale Barding Armor
28:07 Forging
30:53 Gold Shaft Mining
32:04 Heavy Plow
32:49 Ballistics
34:04 Fletching
34:50 Iron Casting
33:43 Capped Ram
34:56 Bodkin Arrow
35:22 Chain Barding Armor
35:04 Padded Archer Armor
36:19 Hand Cart
39:16 Imperial Age
36:34 Town Watch
37:32 Leather Archer Armor
Siqueira
10:28 Feudal Age
13:42 Double-Bit Axe
14:34 Scale Mail Armor
21:33 Castle Age
21:33 Horse Collar
21:49 Gold Mining
24:18 Pikeman
25:26 Fletching
25:25 Loom
35:48 Gambesons
Connection lost

Rejoining the realm…

Still unreachable

The connection could not be restored.

Session expired

The server has moved on; the page needs a fresh start.